 Dungeon Crawl Stone Soup version 0.26.1-11-gd32895ea62 (webtiles) character file.

Game seed: 3953606983017074357

2 Zeld the Insei (level 1, -4/13 HPs)
             Began as an Octopode Transmuter on May 27, 2021.
             Slain by a centaur (9 damage)
             ... on level 3 of the Dungeon.
             The game lasted 00:00:30 (220 turns).

Zeld the Insei (Octopode Transmuter)                 Turns: 220, Time: 00:00:31

Health: -4/13      AC:  1    Str:  9    XL:     1   Next: 40%
Magic:  2/3        EV: 13    Int: 15    God:
Gold:   46         SH:  0    Dex: 12    Spells: 3/4 levels left

rFire    . . .     SeeInvis .     - Unarmed
rCold    . . .     Faith    .   (no shield)
rNeg     . . .     Spirit   .   (helmet currently unavailable)
rPois    .         Reflect  .   (no amulet)
rElec    .         Harm     .   (no ring)
rCorr    .         Rampage  .   (no ring)
Will     .....                  (no ring)
Stlth    ++........             (no ring)
HPRegen  0.04/turn              (no ring)
MPRegen  0.08/turn              (no ring)
                                (no ring)
                                (no ring)

@: appendages
A: almost no armour, stealthy swim, amphibious, 8 rings, constrict 8, tentacle
spike 3, camouflage 1, gelatinous body 1
a: End Transformation


You were on level 3 of the Dungeon.
One of your tentacles had a temporary spike.
You visited 1 branch of the dungeon, and saw 3 of its levels.

You collected 46 gold pieces.

Inventory:

Scrolls
 a - a scroll of enchant weapon {unknown}
 b - a scroll of identify {unknown}
 e - a scroll of teleportation {unknown}
Potions
 c - a potion of berserk rage {unknown}
 d - 2 potions of flight {unknown}


   Skills:
 + Level 1.1 Fighting
 + Level 2.0 Dodging
 - Level 3.0 Unarmed Combat
 * Level 2.0 Spellcasting
 * Level 2.0 Transmutations


You had 3 spell levels left.
You knew the following spells:

 Your Spells              Type           Power        Failure   Level
a - Beastly Appendage     Tmut           14%          10%         1

Your spell library contained the following spells:

 Spells                   Type           Power        Failure   Level
 Wereblood                Tmut           7%           14%         2
 Spider Form              Tmut/Pois      2%           41%         3
 Ice Form                 Ice/Tmut       4%           82%         4
 Blade Hands              Tmut           3%           95%         5


Dungeon Overview and Level Annotations

Branches:
Dungeon (3/15)

Altars:


Innate Abilities, Weirdness & Mutations

You cannot wear most types of armour.
You are very stealthy in the water. (Stealth+)
You are amphibious.
You can wear up to eight rings at the same time.
You can use your tentacles to constrict eight enemies at once.
Your skin changes colour to match your surroundings (Stealth+).
Your rubbery body absorbs attacks. (AC +1, EV +1)
One of your tentacles bears a large vicious spike.


Message History

Things that are here:
a +0 hand axe; a +0 ring mail; an orc corpse A centaur comes into view.
There is an open door here.
You start waiting.
A centaur is nearby!
The centaur shouts!
You hear an angry hiss.
The centaur misses you. The centaur closely misses you.
Casting: Beastly Appendage (safe; 10% risk of failure)
Confirm with . or Enter, or press ? or * to list all spells.
One of your tentacles grows a vicious spike.
The centaur hits you. The centaur hits you.
A ball python comes into view.
The centaur barely misses you.
You barely miss the centaur.
You pierce the centaur, but do no damage.
Your squeeze misses the centaur. The centaur hits you!
Ouch! That really hurt!
You die...

.. #..# # ... #..#####
.. ###.####......## ...
...............## ...#
#.............[.###.....
.........c..........#
#................####
#...........####c####
#...........#§§≈@§≈≈#
#..<........#§§.).≈≈#
#...........#≈.§≈§.≈#
..#.....#...#≈§§§§.≈#
.####<......#§.§§§§§# .
...###...#§§..§§§# ....#
#...#≈≈≈≈≈§≈# .....#
#...######### .....#
##...


You could see a centaur.

Vanquished Creatures
  An orc (D:3)
  A frilled lizard (D:1)
2 creatures vanquished.

Notes
Turn   | Place    | Note
-------+----------+-------------------------------------------
     0 | D:1      | Zeld the Octopode Transmuter began the quest for the Orb.
     0 | D:1      | Reached XP level 1. HP: 13/13 MP: 3/3
   160 | D:3      | Noticed a centaur
   220 | D:3      | Slain by a centaur

Illustrated notes

Levels and vault maps discovered:
D:1:      evilmike_arrival_plus, layout_loops_cross
D:2:      layout_rooms, lemuel_coloured_pillars_altar, general_overflow_altar,
          minmay_misc_feat_cross
D:3:      layout_rooms, old_standard_altar, corexii_item_surrounded_by_moat,
          hangedman_decor_push, minmay_misc_feat_alley,
          kennysheep_generic_room_8

Action                   || total
-------------------------++-------
Melee: Unarmed           ||     4
       Constrict         ||     1
       Kick              ||     1
       Tentacles         ||     1
 Cast: Beastly Appendage ||     4
 Stab: Sleeping          ||     1
Dodge: Dodged            ||     4
